 Dungeon Crawl Stone Soup version 0.21.0-37-g46506fa (webtiles) character file.

330613 pomescollege the Bludgeoner (level 21, 0/136 HPs)
             Began as a Gargoyle Fighter on Feb 1, 2018.
             Was the Champion of Makhleb.
             Slain by an Executioner (10 damage)
             ... summoned by Asterion
             ... on level 2 of the Vaults.
             The game lasted 03:30:30 (48512 turns).

pomescollege the Bludgeoner (Gargoyle Fighter)     Turns: 48512, Time: 03:30:31

Health: 0/136      AC: 51    Str: 25    XL:     21   Next: 75%
Magic:  33/33      EV: 10    Int: 13    God:    Makhleb [******]
Gold:   466        SH: 12    Dex: 10    Spells: 12/28 levels left

rFire    + . .     SeeInvis .   a - +4 morningstar (drain)
rCold    . . .     Gourm    .   D - +3 buckler {AC+3}
rNeg     + + .     Faith    .   A - +2 plate armour {rF+}
rPois    ∞         Spirit   .   x - +2 hat
rElec    +         Reflect  +   w - +2 cloak "Goma" {MR++}
rCorr    .         Harm     .   l - +2 pair of gloves
MR       ++++.                  r - +2 pair of boots
Stlth    ..........             h - +3 amulet of reflection
HPRegen  0.32/turn              z - +3 ring of slaying
MPRegen  0.23/turn              U - ring "Runkyz" {rN+ MR+ AC+4}

@: flying
A: antennae 1, big wings, dopey 1, negative energy resistance 1, electricity
resistance, strong 1, unbreathing, petrification resistance, rot immunity,
subdued magic 1, AC +16
}: 2/15 runes: serpentine, barnacled
a: Stop Flying, Minor Destruction, Lesser Servant of Makhleb, Major Destruction,
Greater Servant of Makhleb, Renounce Religion


You were on level 2 of the Vaults.
You worshipped Makhleb.
Makhleb was exalted by your worship.
You were not hungry.

You visited 8 branches of the dungeon, and saw 37 of its levels.

You collected 4044 gold pieces.
You spent 3578 gold pieces at shops.

Inventory:

Hand Weapons
 a - a +4 morningstar of draining (weapon)
Missiles
 E - 36 javelins (quivered)
Armour
 k - the +7 ring mail "Launk" {rElec Regen+ rCorr}
   (You bought it in a shop on level 11 of the Dungeon)

   It insulates you from electricity.
   It increases your rate of regeneration.
   It protects you from acid and corrosion.
 l - a +2 pair of gloves (worn)
 r - a +2 pair of boots (worn)
 w - the +2 cloak "Goma" (worn) {MR++}
   (You bought it in a shop on level 2 of the Orcish Mines)

   It affects your resistance to hostile enchantments.
 x - a +2 hat (worn)
 A - a +2 plate armour of fire resistance (worn)
 D - a +3 buckler of protection (worn)
Jewellery
 e - a +6 ring of protection
 h - a +3 amulet of reflection (around neck)
 m - the ring "Poakk" {rPois MP-9 Str+3 Int+4 SInv}
   (You took it off a deep elf sorcerer on level 3 of the Elven Halls)

   [ring of poison resistance]

   It affects your strength (+3).
   It affects your intelligence (+4).
   It protects you from poison.
   It affects your magic capacity (-9).
   It lets you see invisible.
 z - a +3 ring of slaying (left hand)
 B - an uncursed ring of resist corrosion
 T - an uncursed ring of protection from cold
 U - the ring "Runkyz" (right hand) {rN+ MR+ AC+4}
   (You bought it in a shop on level 1 of the Shoals)

   [ring of protection]

   It affects your AC (+4).
   It protects you from negative energy.
   It affects your resistance to hostile enchantments.
Wands
 j - a wand of enslavement (14)
 s - a wand of acid (7)
 y - a wand of disintegration (18)
 G - a wand of digging (28)
 I - a wand of polymorph (43)
 N - a wand of paralysis (41)
 Z - a wand of iceblast (9)
Scrolls
 b - 3 scrolls of magic mapping
 c - 7 scrolls of amnesia
 g - a scroll of torment {!r}
 n - 2 scrolls of holy word
 p - 15 scrolls of teleportation {@r4}
 t - 12 scrolls of remove curse {@r2}
 H - a scroll of enchant weapon
 J - 5 scrolls of identify {@r1}
 L - 2 scrolls of fog
 M - 4 scrolls of fear
Potions
 d - 4 potions of cancellation
 o - a potion of invisibility
 q - 4 potions of magic
 u - 2 potions of might
 v - 3 potions of ambrosia
 C - 3 potions of brilliance
 F - 5 potions of berserk rage
 P - a potion of agility
 Q - 2 potions of haste {@q3}
 S - 5 potions of curing {@q1}
Miscellaneous
 W - a lamp of fire
Comestibles
 f - 33 rations


   Skills:
 - Level 16.0 Fighting
 - Level 17.5 Maces & Flails
 - Level 12.4 Throwing
 + Level 8.6 Armour
 + Level 8.4 Dodging
 - Level 10.1 Shields
 - Level 4.0 Spellcasting
 - Level 6.0 Hexes
 - Level 6.0 Charms
 - Level 8.1 Necromancy
 - Level 12.0 Earth Magic
 - Level 16.1 Invocations
 - Level 8.0 Evocations


You had 12 spell levels left.
You knew the following spells:

 Your Spells              Type           Power        Failure   Level  Hunger
a - Borgnjor's Vile Clut  Necr/Erth      ###.......   67%         5    ######.
b - Song of Slaying       Chrm           ##......     26%         2    ##.....
d - Spectral Weapon       Hex/Chrm       ##......     47%         3    ###....
G - Apportation           Tloc           #.....       91%         1    None
R - Regeneration          Chrm/Necr      ###.......   32%         3    ###....
S - Swiftness             Chrm/Air       #.......     67%         2    ##.....


Dungeon Overview and Level Annotations

Branches:
Dungeon (15/15)            Temple (1/1) D:6            Lair (6/6) D:11
 Shoals (4/4) Lair:2        Snake (4/4) Lair:3        Slime (0/5) Lair:5
    Orc (2/2) D:10            Elf (3/3) Orc:2        Vaults (2/5) D:14
 Depths (0/5) D:15
  Crypt: Vaults:2-3

Altars:
Ashenzari
Cheibriados
Dithmenos
Elyvilon
Fedhas
Gozag
Hepliaklqana
Kikubaaqudgha
Makhleb
Nemelex Xobeh
Okawaru
Qazlal
Ru
Sif Muna
Trog
Uskayaw
Vehumet
Wu Jian
Xom
Yredelemnul
Zin
The Shining One
Beogh

Shops:
D:4 :*   D:6 %   D:10 [   D:11 [   Orc:2 =[[(   Shoals:1 :[%=(

Annotations:
D:10 2 transporters, exclusion: orange crystal statue
Lair:1 exclusion: oklob plant
Lair:5 exclusion: 3 oklob plants
Lair:6 exclusion: 2 doors
Vaults:2 Asterion


Innate Abilities, Weirdness & Mutations

You are resistant to torment.
Your stone body is resilient. (AC +16)
You are immune to poison.
Your large and strong wings let you fly indefinitely.
You resist negative energy. (rN+)
You are resistant to electric shocks. (rElec)
You can survive without breathing.
You are immune to petrification.
You are immune to rotting.
You have a pair of small antennae on your head.
You are dopey. (Int -2)
Your muscles are strong. (Str +2)
Your spells are a little easier to cast, but a little less powerful.


Message History

Here: Asterion, wielding a vampiric demon whip, wearing a shiny chain mail and wearing a shield (fast, unusually strong) 2 bolts.
The floor.
As you read the scroll of summoning, it crumbles to dust.
Wisps of shadow whirl around you... The Executioner closely misses you.
The Executioner hits you but does no damage. x2
You block the Executioner's attack. x2; The Executioner barely misses you.
Your blizzard demon hits the Executioner!
Your blizzard demon misses the Executioner.
You block the yaktaur's attack.
The Executioner hits you but does no damage. x3
Asterion hits you with a vampiric demon whip!!
* * * LOW HITPOINT WARNING * * *
You block Asterion's attack.
The skeletal warrior hits you but does no damage.
The ironbrand convoker hits your slime creature with a glaive!!
The orc warrior closely misses you.
You take 34 damage, and have 10/136 hp.
MASSIVE DAMAGE!!
The Executioner hits you!
You die...

...........# ..
#########'###### #+######
#........# #......#
#........# #......#
#........# #...)..#
#........+ #####..oJ..#
#........# ....#)zc((c#
#........#
....#))H1@.#####'########
....#JJ2)..+...(...#
....+p.)...#.......#
#..##......#..[....# ..
#.J..J.#.......# .
u#......#...(...#
.u#......#.......#
..#......#########
###'###


You could see Asterion, 2 ugly things, an Executioner, a skeletal warrior, an
ironbrand convoker, a yaktaur, an orc warrior, a friendly yaktaur captain, a
friendly blizzard demon and 5 friendly slime creatures.

Vanquished Creatures
  Mara (Shoals:3)
  Vashnia (Snake:4)
  Saint Roka (Snake:4)
  3 deep elf blademasters
  A kraken (Shoals:1)
  2 deep elf master archers (Elf:3)
  A tengu reaver (Vaults:2)
  Kirke (Lair:2)
  7 nagarajas
  Ilsuiw (Shoals:4)
  Roxanne (Shoals:1)
  8 deep elf sorcerers
  A frost giant (D:15)
  4 vault wardens
  5 deep elf elementalists (Elf:3)
  6 ironheart preservers
  2 deep elf demonologists
  A stone giant (Vaults:2)
  7 deep elf annihilators (Elf:3)
  Snorg (D:10)
  3 merfolk javelineers
  6 deep elf death magi
  Josephine (D:11)
  Harold (D:11)
  4 merfolk impalers
  An ice dragon (Vaults:1)
  2 yaktaur captains (Vaults:2)
  18 naga warriors
  2 vault guards (Vaults:2)
  3 deep elf high priests (Elf:3)
  9 centaur warriors
  7 hydras
  The ghost of Zados the Fighter, a journeyman GnWn of Hepliaklqana (D:10)
  15 anacondas
  3 merfolk avatars
  A death knight (D:11)
  4 satyrs
  10 merfolk aquamancers
  4 ogre magi
  15 two-headed ogres
  The ghost of Unforgiven the Blocker, a novice GnFi of Kikubaaqudgha (D:9)
  32 dancing weapons
  2 alligator snapping turtles (Shoals:3)
  2 small abominations (Elf:3)
  7 shock serpents
  14 naga sharpshooters
  Nergalle (D:11)
  10 skeletal warriors
  23 deep elf knights
  A salamander mystic (Snake:4)
  9 sea snakes
  2 unseen horrors
  6 deep trolls
  5 ironbrand convokers
  15 naga ritualists
  An orange crystal statue (Elf:2)
  3 wizards
  The ghost of Alphaeus the Ducker, a novice GnMo (D:5)
  27 harpies
  6 orc knights
  Pikel (D:4)
  7 deep elf archers
  11 ugly things
  16 mana vipers
  A wolf spider zombie (D:15)
  6 orc sorcerers
  54 deep elf magi
  7 cyclopes
  A faun (shapeshifter) (D:14)
  5 salamanders
  16 fauns
  2 wolf spiders
  9 manticores
  9 merfolk sirens
  8 elephants
  43 black mambas
  16 naga magi
  8 guardian serpents
  6 water nymphs
  A gargoyle (D:10)
  3 vault sentinels
  2 orange demons (D:13)
  8 spiny frogs
  3 kobold demonologists
  4 freezing wraiths
  5 komodo dragons
  5 rime drakes
  10 yaktaurs
  A yaktaur (shapeshifter) (D:14)
  3 red devils (D:13)
  8 trolls
  3 wind drakes
  Prince Ribbit (D:5)
  4 hornets
  A blink frog (shapeshifter) (D:13)
  27 merfolk
  A polar bear (D:12)
  17 slime creatures
  11 blink frogs
  7 hippogriffs
  12 snapping turtles
  9 dream sheep
  7 water elementals
  An air elemental (Elf:1)
  A centaur simulacrum (D:15)
  A spriggan (D:7)
  5 wraiths
  3 fire elementals
  43 yaks
  3 hogs (Lair:2)
  A human (shapeshifter) (D:15)
  A basilisk (D:10)
  Eustachio (D:6)
  2 hungry ghosts
  4 vampire mosquitoes (D:12)
  A human simulacrum (Vaults:1)
  4 wargs
  A soldier ant (D:14)
  68 nagas
  10 water moccasins
  An acid dragon (Vaults:1)
  3 porcupines
  32 orc warriors
  5 ice beasts
  5 sky beasts
  A necrophage (D:8)
  A black bear (D:9)
  26 ogres
  12 wolves
  6 centaurs
  10 crocodiles
  Blork the orc (D:4)
  7 big kobolds
  17 bullfrogs
  2 earth elementals
  A wyvern skeleton (D:9)
  A hornet simulacrum (D:14)
  A water moccasin skeleton (D:11)
  7 scorpions
  6 killer bees (D:8)
  7 wights
  2 electric eels
  5 howler monkeys
  6 crimson imps
  A bullfrog zombie (D:5)
  2 centaur zombies
  A lava snake (Snake:1)
  A quasit (D:8)
  4 hounds
  25 orc priests
  3 jellies
  Crazy Yiuf (D:5)
  46 orc wizards
  A bullfrog skeleton (D:9)
  4 centaur skeletons
  5 iguanas
  5 worker ants
  A hound zombie (D:6)
  A hound skeleton (D:9)
  4 gnolls (D:3)
  A howler monkey skeleton (D:8)
  13 adders
  4 shadow imps
  A white imp (Vaults:1)
  4 oozes
  2 adder skeletons
  5 worms
  3 dart slugs
  4 leopard geckos
  94 orcs
  A giant cockroach (D:4)
  8 hobgoblins
  13 jackals
  7 quokkas
  2 ball pythons (D:3)
  A ball python zombie (D:5)
  8 bats
  4 frilled lizards
  4 goblins
  26 kobolds
  A leopard gecko skeleton (D:5)
  3 rats
  A butterfly (Lair:1)
  A crawling corpse (Elf:3)
  7 plants
  4 tentacles
1354 creatures vanquished.

Vanquished Creatures (collateral kills)
  Gastronok (Orc:1)
  A kraken (Shoals:3)
  A yaktaur captain (Vaults:2)
  2 vault guards (Vaults:2)
  A catoblepas (D:14)
  2 anacondas
  2 dancing weapons (Elf:2)
  2 satyrs (Shoals:4)
  An orc high priest (Orc:2)
  A deep elf knight (Elf:2)
  A skeletal warrior (Vaults:2)
  6 deep elf archers
  5 harpies
  6 deep elf magi
  An ugly thing (D:12)
  2 mana vipers (Snake:1)
  A manticore (Shoals:1)
  5 black mambas
  2 naga magi (Snake:1)
  A water nymph (Shoals:3)
  3 orange demons (D:13)
  A merfolk siren (Shoals:4)
  3 yaktaurs (Vaults:2)
  5 merfolk
  A troll (Orc:1)
  A wind drake (Shoals:4)
  A snapping turtle (Shoals:2)
  A yak (Lair:2)
  2 water elementals (Shoals:4)
  A warg (Vaults:2)
  2 nagas
  2 orc warriors (Orc:2)
  A sky beast (D:13)
  A centaur (D:12)
  A crocodile (D:14)
  A howler monkey (D:12)
  A quasit (D:14)
  5 orc priests
  3 orc wizards
  12 orcs
  3 kobolds (D:13)
  A plant (Shoals:4)
  3 tentacles (Shoals:3)
99 creatures vanquished.

Vanquished Creatures (others)
  A two-headed ogre (D:14)
  A satyr (Shoals:4)
  A naga sharpshooter (Snake:4)
  2 deep elf knights (Elf:3)
  2 deep elf archers
  A naga ritualist (Snake:4)
  A deep elf mage (Elf:2)
  A manticore (Shoals:4)
  2 fauns (Shoals:4)
  A water nymph (Shoals:4)
  A merfolk (Shoals:4)
  A water elemental (Shoals:4)
  A human (Shoals:1)
  A slave (D:4)
  A centaur (Shoals:1)
  A hound (D:4)
  A quokka (D:12)
  A frilled lizard (D:4)
  9 fungi
  32 plants
  15 tentacles
77 creatures vanquished.

Grand Total: 1530 creatures vanquished

Notes
Turn   | Place    | Note
-------+----------+-------------------------------------------
     0 | D:1      | pomescollege the Gargoyle Fighter began the quest for the Orb.
     0 | D:1      | Reached XP level 1. HP: 14/14 MP: 1/1
   234 | D:1      | Reached XP level 2. HP: 19/19 MP: 2/2
   854 | D:2      | Reached skill level 3 in Maces & Flails
   854 | D:2      | Reached XP level 3. HP: 19/24 MP: 3/3
  1087 | D:2      | Reached XP level 4. HP: 29/29 MP: 4/4
  1320 | D:3      | Found a sacrificial altar of Ru.
  1397 | D:3      | Reached skill level 4 in Maces & Flails
  1412 | D:3      | Reached XP level 5. HP: 23/34 MP: 5/5
  2111 | D:4      | Noticed Pikel
  2111 | D:4      | Noticed a slave
  2111 | D:4      | Noticed a slave
  2111 | D:4      | Noticed a slave
  2111 | D:4      | Noticed a slave
  2111 | D:4      | Noticed an ogre
  2145 | D:4      | Found Plog's Book Boutique.
  2358 | D:4      | Found a shimmering altar of Xom.
  2411 | D:4      | Reached skill level 5 in Maces & Flails
  2425 | D:4      | Reached XP level 6. HP: 40/40 MP: 6/6
  2447 | D:4      | Reached skill level 5 in Fighting
  2502 | D:4      | Killed Pikel
  2502 | D:4      | Reached skill level 6 in Maces & Flails
  2502 | D:4      | Reached XP level 7. HP: 46/46 MP: 7/7
  2622 | D:4      | Reached skill level 7 in Maces & Flails
  2876 | D:4      | Found a sparkling altar of Nemelex Xobeh.
  2876 | D:4      | Found a stormy altar of Qazlal.
  2951 | D:4      | Noticed Blork the orc
  2969 | D:4      | Killed Blork the orc
  2994 | D:4      | Reached XP level 8. HP: 52/52 MP: 8/8
  3059 | D:4      | Found Mill's Assorted Antiques.
  3067 | D:4      | Bought an orange potion for 17 gold pieces
  3067 | D:4      | Bought a scroll labeled YXODIY HOMPO for 19 gold pieces
  3067 | D:4      | Bought a short iron wand for 76 gold pieces
  3067 | D:4      | Bought a scroll labeled YXODIY HOMPO for 19 gold pieces
  3067 | D:4      | Bought a sedimented coppery potion for 17 gold pieces
  3070 | D:4      | Gained mutation: You tend to lose your temper in combat. [potion of mutation]
  3070 | D:4      | Gained mutation: Armour fits poorly on your strangely shaped body. [potion of mutation]
  3070 | D:4      | Gained mutation: You are weak. (Str -2) [potion of mutation]
  3070 | D:4      | Gained mutation: You have a pair of small antennae on your head. [potion of mutation]
  3379 | D:5      | Entered Level 5 of the Dungeon
  3524 | D:5      | Noticed Alphaeus's ghost (novice GnMo)
  3545 | D:5      | Reached skill level 8 in Maces & Flails
  3692 | D:5      | Killed Alphaeus's ghost
  3692 | D:5      | Reached skill level 9 in Maces & Flails
  3924 | D:5      | Reached XP level 9. HP: 51/59 MP: 9/9
  4348 | D:5      | Noticed Prince Ribbit
  4372 | D:5      | Killed Prince Ribbit
  4886 | D:5      | Reached skill level 10 in Maces & Flails
  5240 | D:5      | Found a runed door.
  5356 | D:5      | Noticed Crazy Yiuf
  5360 | D:5      | Killed Crazy Yiuf
  5557 | D:6      | Noticed Eustachio
  5579 | D:6      | Killed Eustachio
  6234 | D:6      | Found a staircase to the Ecumenical Temple.
  6279 | Temple   | Entered the Ecumenical Temple
  6367 | D:6      | Found Ufa Popp's Food Emporium.
  6568 | D:6      | Found a snail-covered altar of Cheibriados.
  6576 | D:6      | Reached skill level 11 in Maces & Flails
  6778 | D:7      | Found a deep blue altar of Sif Muna.
  6906 | D:7      | Reached XP level 10. HP: 66/66 MP: 10/10
  7053 | D:7      | Found a burning altar of Makhleb.
  7071 | D:7      | Became a worshipper of Makhleb the Destroyer
  7150 | D:7      | Found a shattered altar of Ashenzari.
  7150 | D:7      | Found a deep blue altar of Sif Muna.
  8030 | D:8      | Reached skill level 12 in Maces & Flails
  8149 | D:8      | Reached skill level 10 in Fighting
  8353 | D:8      | Reached * piety under Makhleb
  8372 | D:8      | Lost mutation: You tend to lose your temper in combat. [potion of mutation]
  8372 | D:8      | Lost mutation: You are weak. (Str -2) [potion of mutation]
  8372 | D:8      | Lost mutation: Armour fits poorly on your strangely shaped body. [potion of mutation]
  8372 | D:8      | Gained mutation: Your spells are a little easier to cast, but a little less powerful. [potion of mutation]
  8372 | D:8      | Gained mutation: You are dopey. (Int -2) [potion of mutation]
  8372 | D:8      | Gained mutation: Your muscles are strong. (Str +2) [potion of mutation]
  8396 | D:8      | Noticed a two-headed ogre
  8411 | D:8      | Killed a two-headed ogre
  8611 | D:9      | Found a sparkling altar of Nemelex Xobeh.
  8674 | D:9      | Noticed a two-headed ogre
  8712 | D:9      | Killed a two-headed ogre
  8712 | D:9      | Reached XP level 11. HP: 56/76 MP: 11/11
  8887 | D:9      | Noticed Unforgiven's ghost (novice GnFi)
  8932 | D:9      | Killed Unforgiven's ghost
  8932 | D:9      | Reached ** piety under Makhleb
  9057 | D:9      | Reached skill level 5 in Armour
  9057 | D:9      | Reached skill level 5 in Shields
  9771 | D:10     | Entered Level 10 of the Dungeon
  9783 | D:10     | Noticed a two-headed ogre
  9807 | D:9      | Killed a two-headed ogre
  9929 | D:10     | Found a transporter.
  9929 | D:10     | Noticed a fire giant
  9929 | D:10     | Noticed an orange crystal statue
  9929 | D:10     | Noticed a deep elf archer
  9932 | D:10     | Noticed an ogre mage
  9989 | D:10     | Noticed Zados's ghost (journeyman GnWn)
 10197 | D:10     | Killed Zados's ghost
 10227 | D:10     | Found a transporter.
 10257 | D:10     | Found a staircase to the Orcish Mines.
 10306 | D:10     | Found Vanletoepp's Armour Boutique.
 10313 | D:10     | Bought a +2 buckler of protection for 279 gold pieces
 10474 | D:11     | Reached *** piety under Makhleb
 10476 | D:11     | Noticed Harold
 10902 | D:11     | Killed Harold
 11006 | D:11     | Found a staircase to the Lair.
 11041 | D:11     | Reached XP level 12. HP: 82/82 MP: 12/12
 11057 | D:11     | Noticed Nergalle
 11071 | D:11     | Noticed a death knight
 11083 | D:11     | Killed Nergalle
 11131 | D:11     | Killed a death knight
 11162 | D:11     | HP: 4/82 [freezing wraith[a death knight] (17)]
 11174 | D:11     | HP: 4/82 [freezing wraith[a death knight] (21)]
 11210 | D:11     | Reached skill level 10 in Shields
 11306 | D:11     | Noticed Josephine
 11420 | D:11     | Reached skill level 1 in Invocations
 11433 | D:11     | Reached skill level 1 in Evocations
 11648 | D:11     | Found Lych's Armour Boutique.
 11854 | D:11     | Killed Josephine
 12183 | Lair:1   | Entered Level 1 of the Lair of Beasts
 12366 | Lair:1   | Reached **** piety under Makhleb
 13021 | Lair:1   | Noticed a six-headed hydra
 13033 | Lair:1   | Killed a six-headed hydra
 13033 | Lair:1   | Reached skill level 5 in Invocations
 13521 | Lair:2   | Noticed a seven-headed hydra
 13540 | Lair:2   | Killed a seven-headed hydra
 13540 | Lair:2   | Reached skill level 5 in Evocations
 13752 | Lair:2   | Reached XP level 13. HP: 61/87 MP: 16/18
 14169 | Lair:2   | Found a staircase to the Shoals.
 14211 | Lair:2   | Found a frozen archway.
 15184 | Lair:3   | Reached skill level 1 in Dodging
 15348 | Lair:3   | Found a staircase to the Snake Pit.
 16102 | Lair:5   | Found a staircase to the Slime Pits.
 16172 | Lair:5   | Reached ***** piety under Makhleb
 16877 | Lair:6   | Entered Level 6 of the Lair of Beasts
 17032 | Lair:6   | Reached skill level 5 in Dodging
 18267 | Lair:6   | Found the +18 shield of the Gong {rElec rN+ MR+ EV-5}
 18312 | Lair:6   | Gained mutation: Your large and strong wings let you fly indefinitely. [Gargoyle growth]
 18312 | Lair:6   | Reached XP level 14. HP: 67/92 MP: 14/20
 18973 | D:12     | Noticed Sonja
 18977 | D:12     | Noticed Sonja
 18977 | D:12     | Sonja changed into Sonja the polar bear
 18986 | D:12     | Killed Sonja the polar bear
 19173 | D:12     | Found a white marble altar of Elyvilon.
 20903 | D:13     | Reached skill level 10 in Invocations
 21480 | Orc:1    | Entered Level 1 of the Orcish Mines
 21481 | Orc:1    | Noticed Snorg
 21530 | D:10     | Killed Snorg
 21588 | Orc:2    | Entered Level 2 of the Orcish Mines
 21782 | Orc:2    | Found a staircase to the Elven Halls.
 22185 | Orc:1    | Noticed Gastronok
 22215 | Orc:1    | Killed Gastronok
 22509 | Orc:2    | Found a roughly hewn altar of Beogh.
 22691 | Orc:2    | Paralysed by an orc sorcerer for 4 turns
 22701 | Orc:2    | Paralysed by an orc sorcerer for 5 turns
 23144 | Orc:2    | Found a roughly hewn altar of Beogh.
 23325 | Orc:2    | Found Xotsecva's Armour Boutique.
 23325 | Orc:2    | Found Elyrch's Jewellery Boutique.
 23325 | Orc:2    | Found Efamea's Armour Shop.
 23328 | Orc:2    | Found Fekoil's Weapon Shop.
 23588 | Orc:2    | Bought the +2 cloak "Goma" {MR++} for 508 gold pieces
 23600 | Orc:2    | Bought 7 javelins for 78 gold pieces
 23925 | D:14     | Reached XP level 15. HP: 97/97 MP: 24/24
 24571 | D:14     | Found a shattered altar of Ashenzari.
 24631 | D:14     | Found a gate to the Vaults.
 25377 | Shoals:1 | Entered Level 1 of the Shoals
 25377 | Shoals:1 | Found Zekit's Armour Shop.
 25659 | Shoals:1 | Found Waist's Book Boutique.
 25684 | Shoals:1 | Bought a book of Cantrips for 300 gold pieces
 26164 | Shoals:1 | Reached skill level 15 in Invocations
 26253 | Shoals:1 | Reached skill level 1 in Throwing
 26309 | Shoals:1 | Noticed Kirke
 26521 | Lair:2   | Killed Kirke
 26613 | Shoals:1 | Noticed Roxanne
 26615 | Shoals:1 | Found Quodi's Food Boutique.
 26626 | Shoals:1 | Found Yhour's Jewellery Shop.
 26782 | Shoals:1 | Bought the ring "Runkyz" {rN+ MR+ AC+4} for 580 gold pieces
 26810 | Shoals:1 | Found Doihouppek's Weapon Emporium.
 26947 | Shoals:1 | Noticed a kraken
 27029 | Shoals:1 | Killed a kraken
 27398 | Shoals:1 | Killed Roxanne
 27876 | Shoals:2 | Reached XP level 16. HP: 54/102 MP: 9/28
 28240 | Shoals:2 | Reached skill level 5 in Throwing
 29023 | Shoals:3 | Noticed Mara
 29154 | Shoals:3 | Noticed pomescollege's illusion
 29191 | Shoals:3 | Killed Mara
 29483 | Shoals:3 | Learned a level 1 spell: Apportation
 29562 | Shoals:3 | Noticed a kraken
 29587 | Shoals:3 | Killed a kraken
 30306 | Shoals:4 | Entered Level 4 of the Shoals
 31213 | Shoals:4 | Reached skill level 10 in Throwing
 31693 | Shoals:4 | Noticed Ilsuiw
 31765 | Shoals:4 | Reached XP level 17. HP: 80/107 MP: 29/29
 31847 | Shoals:4 | Killed Ilsuiw
 32449 | Shoals:4 | Got a barnacled rune of Zot
 32541 | Shoals:1 | Bought a +2 morningstar of draining for 249 gold pieces
 33153 | Shoals:4 | Identified Ithege's Reference Book on Self-Improvement and Cold
 33187 | Shoals:4 | Learned a level 2 spell: Swiftness
 33280 | Shoals:4 | Identified Sif Muna's Reference Book on Dusty Necromancy
 33631 | Snake:1  | Entered Level 1 of the Snake Pit
 34965 | Snake:2  | Reached skill level 13 in Maces & Flails
 35947 | Snake:3  | Reached skill level 14 in Maces & Flails
 36107 | Snake:3  | Reached XP level 18. HP: 113/115 MP: 30/30
 36919 | Snake:3  | Reached ****** piety under Makhleb
 37081 | Snake:4  | Entered Level 4 of the Snake Pit
 37418 | Snake:4  | Reached skill level 15 in Maces & Flails
 38045 | Snake:4  | Noticed Vashnia
 38066 | Snake:4  | Killed Vashnia
 38214 | Snake:4  | Reached skill level 16 in Maces & Flails
 38374 | Snake:4  | Reached skill level 15 in Fighting
 38436 | Snake:4  | Reached XP level 19. HP: 124/124 MP: 31/31
 38738 | Snake:4  | Got a serpentine rune of Zot
 38827 | Snake:4  | Noticed Saint Roka
 38894 | Snake:4  | Killed Saint Roka
 39270 | Elf:1    | Entered Level 1 of the Elven Halls
 39425 | Elf:1    | Reached skill level 17 in Maces & Flails
 40361 | Elf:1    | Learned a level 5 spell: Borgnjor's Vile Clutch
 40440 | Elf:1    | Identified the Compendium of Companions
 40627 | Elf:2    | Reached skill level 1 in Earth Magic
 40630 | Elf:2    | Reached skill level 1 in Spellcasting
 41251 | Elf:2    | Reached skill level 5 in Earth Magic
 41456 | Elf:2    | Found a runed gate.
 41456 | Elf:2    | Found a runed gate.
 41457 | Elf:2    | Found a runed gate.
 41614 | Elf:3    | Entered Level 3 of the Elven Halls
 41800 | Elf:3    | Reached XP level 20. HP: 131/131 MP: 32/32
 42050 | Elf:3    | Reached skill level 10 in Earth Magic
 42060 | Elf:3    | Reached skill level 1 in Necromancy
 42739 | Elf:3    | Identified the Collected Works on Venomous Curses
 42766 | Elf:3    | Identified Hekhipec's Almanac of Ashen Weightlessness
 42771 | Elf:3    | Identified the Tome of Orientation and Companions
 42944 | Elf:3    | Reached skill level 5 in Necromancy
 43060 | Elf:3    | Identified the cursed +2 quarterstaff "Zezystru" {speed, rElec rPois Dex+4} (You took it off a deep elf high priest on level 3 of the Elven Halls)
 43121 | Elf:3    | Identified the +5 great mace "Undertaker" {crush, Fragile rElec rF+} (You took it off a deep elf mage on level 3 of the Elven Halls)
 43167 | Elf:3    | Identified the ring "Poakk" {rPois MP-9 Str+3 Int+4 SInv} (You took it off a deep elf sorcerer on level 3 of the Elven Halls)
 44965 | Vaults:1 | Entered Level 1 of the Vaults
 45115 | D:11     | Bought the +7 ring mail "Launk" {rElec Regen+ rCorr} for 996 gold pieces
 45228 | D:4      | Bought a book of Battle for 440 gold pieces
 45231 | D:4      | Learned a level 2 spell: Song of Slaying
 45235 | D:4      | Learned a level 3 spell: Regeneration
 45239 | D:4      | Learned a level 3 spell: Spectral Weapon
 45428 | D:15     | Entered Level 15 of the Dungeon
 45951 | D:15     | Found a shadowy altar of Dithmenos.
 46334 | D:15     | Reached XP level 21. HP: 136/136 MP: 33/33
 46505 | D:15     | Found a staircase to the Depths.
 46704 | D:15     | Reached skill level 1 in Hexes
 46704 | D:15     | Reached skill level 1 in Charms
 47731 | Vaults:1 | Identified the +5 hand crossbow "Veeweaz" {penet, +Blink} (You found it on level 1 of the Vaults)
 48137 | Vaults:2 | Reached skill level 5 in Hexes
 48137 | Vaults:2 | Reached skill level 5 in Charms
 48493 | Vaults:2 | Noticed Asterion
 48512 | Vaults:2 | Slain by an Executioner

Skill      XL: |  1  2  3  4  5  6  7  8  9 10 11 12 13 14 15 16 17 18 19 20 21 |
---------------+----------------------------------------------------------------+-----
Maces & Flails | 3 4 5 6 7 9 11 12 14 16 17 | 17.5
Fighting       | 4 6 7 9 12 13 15 16 | 16.0
Armour         | 8 |  8.6
Shields        | 8 10 | 10.1
Invocations    | 6 8 12 16 | 16.1
Evocations     | 5 8 |  8.0
Dodging        | 6 8 |  8.4
Throwing       | 4 11 12 | 12.4
Earth Magic    | 7 11 12 | 12.0
Spellcasting   | 4 |  4.0
Necromancy     | 8 |  8.1
Hexes          | 6 |  6.0
Charms         | 6 |  6.0

Action                   |  1- 3 |  4- 6 |  7- 9 | 10-12 | 13-15 | 16-18 | 19-21 || total
-------------------------+-------+-------+-------+-------+-------+-------+-------++-------
Melee: Flail             |   160 |   205 |       |       |       |       |       ||   365
       Whip              |       |       |   467 |  1356 |  3769 |  1488 |       ||  7080
       Morningstar       |       |       |       |       |       |  1350 |  1830 ||  3180
 Fire: Hunting sling     |       |       |       |       |    10 |       |       ||    10
Throw: Javelin           |       |       |       |       |    37 |    32 |    58 ||   127
Invok: Minor Destruction |       |       |       |     8 |    21 |     7 |    22 ||    58
       Lesser Servant of |       |       |       |     1 |    24 |    11 |       ||    36
       Major Destruction |       |       |       |       |    24 |     9 |    15 ||    48
       Greater Servant o |       |       |       |       |     2 |     6 |     7 ||    15
 Abil: Fly               |       |       |       |       |     3 |     2 |       ||     5
       Stop Flying       |       |       |       |       |     2 |     2 |       ||     4
Evoke: Wand              |       |       |     5 |    18 |    12 |     3 |     7 ||    45
  Use: Scroll            |     5 |     3 |    14 |     5 |    10 |    17 |     9 ||    63
       Potion            |       |     2 |     2 |     7 |     1 |     9 |     1 ||    22
 Stab: Petrified         |       |       |       |       |     9 |       |       ||     9
       Paralysed         |       |       |       |       |     6 |       |       ||     6
       Distracted        |       |       |       |       |     6 |     2 |     2 ||    10
       Petrifying        |       |       |       |       |     2 |       |       ||     2
       Fleeing           |       |       |       |       |     1 |     1 |       ||     2
       Confused          |       |       |       |       |       |     1 |       ||     1
  Eat: Chunk             |     1 |     2 |     9 |    18 |    27 |     5 |     8 ||    70
       Ration            |       |     1 |     3 |     1 |     7 |     9 |     8 ||    29
Armor: Scale mail        |   109 |   119 |   139 |   548 |   731 |       |       ||  1646
       Plate armour      |       |       |       |       |  1269 |   823 |   556 ||  2648
       Fire dragon scale |       |       |       |       |       |   700 |   548 ||  1248
       Skin              |       |       |       |       |       |    30 |       ||    30
Dodge: Dodged            |    61 |    49 |    75 |   266 |  1256 |   864 |   599 ||  3170
Block: Shield            |    88 |    83 |   145 |   252 |       |       |       ||   568
       Buckler           |       |       |       |   148 |  1317 |  1352 |   911 ||  3728
       Reflection        |       |       |       |       |       |   127 |    87 ||   214
